 Dungeon Crawl Stone Soup version 0.31.0-1-g2c135a008e (webtiles) character file.

Game seed: 2826901331604870365

270 qw the Trooper (level 6, -2/49 HPs)
             Began as a Djinni Hunter on Jan 23, 2024.
             Slain by Pikel
             ... wielding a +2 whip of flaming
              (3 damage)
             ... on level 4 of the Dungeon.
             The game lasted 00:00:07 (2644 turns).

qw the Trooper (Djinni Hunter)                      Turns: 2644, Time: 00:00:08

Health: -2/49      AC:  5    Str: 10    XL:     6   Next: 46%
Gold:   182        EV: 11    Int: 10    God:
                   SH:  0    Dex: 19

rFire   + + .        a - +0 shortbow
rCold   x . .        (shield currently unavailable)
rNeg    . . .        i - +0 ring mail
rPois   inf          (no helmet)
rElec   .            (no cloak)
rCorr   .            (no gloves)
SInv    +            (boots unavailable)
Will    .....        (no amulet)
Stlth   +            b - ring of see invisible
HPRegen 0.28/turn    (no ring)
MPRegen 0.00/turn

%: infuse magic (-3 HP)
@: flying
A: sickness immunity, fire resistance 2, cold vulnerability 1, float, innate
caster, HP casting, extra vitality 1
a: no special abilities


You were on level 4 of the Dungeon.
You visited 1 branch of the dungeon, and saw 4 of its levels.

You collected 182 gold pieces.


Innate Abilities, Weirdness & Mutations

You are immune to sickness and miasma.
You are immune to poison.
Your flesh is very heat resistant. (rF++)
You are vulnerable to cold. (rC-)
You float through the air rather than walking.
You learn spells naturally, not from books.
Your magical power is your life essence.
You have superior vitality. (+4 MHP)


   Skills:
 - Level 5.0 Fighting
 + Level 4.2 Ranged Weapons
 - Level 1.3 Armour
 - Level 2.5 Dodging
 - Level 0.7 Stealth


You knew the following spells:

 Your Spells              Type           Power      Damage    Failure   Level
a - Apportation           Tloc           0%         N/A       67%         1
b - Jinxbite              Hex            0%         N/A       82%         2
Your spell library was empty.

Inventory:

Hand Weapons
 a - a +0 shortbow (weapon)
Armour
 i - a +0 ring mail (worn)
Jewellery
 b - a ring of see invisible (left hand)
Scrolls
 h - a scroll of identify
Potions
 c - a potion of heal wounds {unknown}
 d - 3 potions of curing
 e - a potion of lignification {unknown}
 f - a potion of degeneration {unknown}
 g - a potion of might

Dungeon Overview and Level Annotations

Branches:
Dungeon (4/15)
 Temple: D:4-7

Altars:
Zin

Annotations:
D:4 Grinder, Pikel


Message History

The arrow closely misses the lemure.
The ball python hisses angrily.
Pikel hits you with a +2 whip of flaming.
Pikel closely misses you.
You shoot an arrow. The arrow barely misses Pikel.
The arrow hits the lemure.
The lemure is lightly wounded.
Pikel hits you with a +2 whip of flaming!
You shoot an arrow. The arrow hits Pikel.
Pikel is lightly wounded.
Pikel hits you with a +2 whip of flaming.
Pikel hits you but does no damage.
You shoot an arrow. The arrow hits Pikel.
Pikel is moderately wounded.
Pikel hits you with a +2 whip of flaming!
Grinder blinks!
You shoot an arrow.
The arrow hits Pikel but does no damage.
Pikel is moderately wounded.
Pikel closely misses you. Grinder gestures at you.
Pain shoots through your body!
You shoot an arrow.
The arrow hits Pikel but does no damage.
Pikel is moderately wounded.
Pikel barely misses you.
Grinder blinks!
Pikel hits you but does no damage.
You shoot an arrow. The arrow hits Pikel!
Pikel is heavily wounded.
Pikel hits you with a +2 whip of flaming.
You shoot an arrow. The arrow closely misses Pikel.
The arrow hits the lemure but does no damage.
The lemure is lightly wounded.
Pikel hits you with a +2 whip of flaming.
You shoot an arrow. The arrow hits Pikel!
Pikel is severely wounded.
Pikel hits you with a +2 whip of flaming.
Grinder gestures at you. Pain shoots through your body!
Pikel hits you with a +2 whip of flaming.
You die...
Pikel says, "See you in Hell!"

## ..#..
#####5.....
#.5@K5S....
#.###5..#..
#.# ..# #.#
.# #.# #
#.# #.# #.#
#.#


You could see Pikel, Grinder, 3 lemures and a ball python.

Vanquished Creatures
  Sigmund (D:2)
  An orc wizard (D:3)
  3 adders
  3 ribbon worms (D:3)
  4 orcs (D:3)
  4 endoplasms
  2 giant cockroaches
  4 goblins
  A hobgoblin (D:1)
  3 kobolds (D:1)
  7 quokkas
  3 ball pythons
  8 bats
  3 frilled lizards (D:1)
  5 rats
52 creatures vanquished.

Notes
Turn   | Place    | Note
-------+----------+-------------------------------------------
     0 | D:1      | qw the Djinni Hunter began the quest for the Orb.
     0 | D:1      | Reached XP level 1. HP: 18/18 MP: 0/0
     0 | D:1      | 0 ||| qw: Version: 0.3-a-135-gb77e89d
     0 | D:1      | 0 ||| qw: Game counter: 876
     0 | D:1      | 0 ||| qw: Melee chars always use a shield: true
     0 | D:1      | 0 ||| qw: God list: Okawaru
     0 | D:1      | 0 ||| qw: Allow faded altars: false
     0 | D:1      | 0 ||| qw: Do Orc after clearing Dungeon:15 true
     0 | D:1      | 0 ||| qw: Do second Lair branch before Depths: true
     0 | D:1      | 0 ||| qw: Lair rune preference: random
     0 | D:1      | 0 ||| qw: Goals: Normal
     0 | D:1      | 0 ||| PLANNING D:1-11
   150 | D:1      | Reached XP level 2. HP: 23/23 MP: 0/0
   837 | D:1      | Reached XP level 3. HP: 28/28 MP: 0/0
   837 | D:1      | Learned a level 1 spell: Apportation
   928 | D:1      | 928 ||| DROPPING +6 ring of intelligence.
   929 | D:1      | 929 ||| READING 2 scrolls labelled ANUT WU WIKU.
   929 | D:1      | 929 ||| IDENTIFYING silvery potion
   930 | D:1      | 930 ||| READING scroll of identify.
   930 | D:1      | 930 ||| IDENTIFYING scroll labelled MUGAORITYU
   931 | D:1      | 931 ||| READING 2 scrolls labelled QOABYV WOMIEL.
  1032 | D:1      | 1032 ||| DROPPING scroll of butterflies.
  1033 | D:1      | 1033 ||| DROPPING scroll of revelation.
  1034 | D:1      | 1034 ||| DROPPING scroll of vulnerability.
  1119 | D:2      | Found a glowing silver altar of Zin.
  1267 | D:2      | Noticed Sigmund
  1278 | D:2      | Killed Sigmund
  1279 | D:2      | Reached skill level 5 in Fighting
  1279 | D:2      | Reached XP level 4. HP: 26/39 MP: 0/0
  1279 | D:2      | Reached XP level 5. HP: 28/43 MP: 0/0
  1279 | D:2      | Learned a level 2 spell: Jinxbite
  1533 | D:2      | Reached XP level 6. HP: 49/49 MP: 0/0
  1712 | D:2      | 1712 ||| UPGRADING to +0 ring mail.
  1722 | D:2      | 1722 ||| DROPPING +0 leather armour.
  1723 | D:2      | 1723 ||| UPGRADING to ring of see invisible.
  1724 | D:2      | 1724 ||| READING 3 scrolls of identify.
  1724 | D:2      | 1724 ||| IDENTIFYING 2 blue potions
  1725 | D:2      | 1725 ||| READING 2 scrolls of identify.
  1725 | D:2      | 1725 ||| IDENTIFYING scroll labelled ROJAMAIREY
  1726 | D:2      | 1726 ||| READING scroll of identify.
  1726 | D:2      | 1726 ||| IDENTIFYING scroll labelled KICACA FIPYCK
  1727 | D:2      | 1727 ||| READING scroll labelled RUXAFI EXUAMP.
  1728 | D:2      | 1728 ||| DROPPING scroll of amnesia.
  1729 | D:2      | 1729 ||| DROPPING scroll of immolation.
  1820 | D:3      | HP: 12/49 [orc/+0 mace (5)]
  1821 | D:3      | Reached skill level 1 in Armour
  1821 | D:3      | HP: 5/49 [orc/+0 mace (7)]
  2630 | D:4      | Noticed Pikel
  2634 | D:4      | Noticed Grinder
  2640 | D:4      | HP: 9/49 [Grinder/nerve-wracking pain (12)]
  2644 | D:4      | HP: 3/49 [Pikel/+2 whip of flaming (3)]
  2644 | D:4      | HP: 1/49 [Grinder/nerve-wracking pain (2)]
  2644 | D:4      | Slain by Pikel

Levels and vault maps discovered:
D:1:      lemuel_arrival_rhombus, layout_basic
D:2:      layout_rooms, basic_altar, roderic_nine_men_s_morris, minivault_27,
          uniq_sigmund
D:3:      layout_basic
D:4:      layout_basic, grunt_temple_overflow_open,
          nicolae_qazlal_scattered_showers, serial_shops, shop,
          minmay_misc_feat_encased, uniq_crazy_yiuf_cottage, uniq_grinder,
          uniq_pikel

Skill      XL: |  1  2  3  4  5  6 |
---------------+-------------------+-----
Ranged Weapons | 4 |  4.2
Fighting       | 5 |  5.0
Armour         | 1 |  1.3
Dodging        | |  2.5
Stealth        | |  0.7

Action                     |  1- 3 |  4- 6 || total
---------------------------+-------+-------++-------
   Fire: Shortbow          |    76 |   110 ||   186
    Use: Scroll            |     3 |     4 ||     7
 Armour: Leather armour    |    13 |    10 ||    23
         Ring mail         |       |    61 ||    61
  Dodge: Dodged            |    26 |    41 ||    67

Table legend:
 A = Non-vault XP
 B = Vault XP
 C = Vault XP percentage of total XP
 D = Non-vault monster count
 E = Vault monster count
 F = Vault count percentage of total count
                 A         B        C        D         E       F
            +---------+---------+-------+---------+---------+-------
      Total |     163 |     223 |  57.8 |      51 |       1 |   1.9
            +---------+---------+-------+---------+---------+-------
        D:1 |      33 |       0 |   0.0 |      22 |       0 |   0.0
        D:2 |      31 |     223 |  87.8 |      11 |       1 |   8.3
        D:3 |      99 |       0 |   0.0 |      18 |       0 |   0.0
            +---------+---------+-------+---------+---------+-------
